Workbook
Name Excel_BuiltIn__FilterDatabase: 'приложение 9'!$C$2:$C$333
Name Excel_BuiltIn_Print_Area: 'приложение 11'!$B$1:$L$608
Name Excel_BuiltIn_Print_Area: 'приложение 7'!$A$1:$H$57
Name Excel_BuiltIn_Print_Area: 'приложение 9'!$A$2:$F$338
Name Print_Area_0: 'приложение 9'!$A$2:$F$340
Name Print_Area_0_0: 'приложение 11'!$A$1:$U$612
Name Print_Area_0_0: 'приложение 7'!$A$1:$H$52
Name Print_Area_0_0_0: 'приложение 11'!$A$1:$O$612
Name Print_Area_0_0_0_0: 'приложение 11'!$B$1:$N$611
Name Print_Area_0_0_0_0_0: 'приложение 11'!$A$1:$O$611
Name Print_Area_0_0_0_0_0_0: 'приложение 11'!$A$1:$P$611
Name Print_Area_0_0_0_0_0_0_0: 'приложение 11'!$B$1:$M$611
Name Print_Area_0_0_0_0_0_0_0_0: 'приложение 11'!$A$1:$N$611
Name Print_Area_0_0_0_0_0_0_0_0_0: 'приложение 11'!$A$1:$N$611
Name Z_4F3F96C3_7B8B_440F_A7C0_DFFBDC784942__wvu_FilterData: #REF!
Name Z_6CB88F76_ADF1_43EB_B8FB_32CF6D2656A6__wvu_Cols: #REF!
Name Z_6CB88F76_ADF1_43EB_B8FB_32CF6D2656A6__wvu_FilterData: #REF!
Name Z_6CB88F76_ADF1_43EB_B8FB_32CF6D2656A6__wvu_PrintArea: #REF!
Name Z_7BCFB845_C80C_48FE_B4FE_79B4B69115F3__wvu_FilterData: #REF!
Name Z_7D67130F_5829_47C5_93DE_738E8D41F162__wvu_FilterData: #REF!
Name Z_8E2E7D81_C767_11D8_A2FD_006098EF8B30__wvu_Cols: #REF!
Name Z_8E2E7D81_C767_11D8_A2FD_006098EF8B30__wvu_FilterData: #REF!
Name Z_8E2E7D81_C767_11D8_A2FD_006098EF8B30__wvu_PrintArea: #REF!
Name Z_AAB63AD1_4FE4_4C7A_A62E_5A604C03BF55__wvu_FilterData: #REF!
Name Z_C231806E_9211_4D8F_9EB3_1A15C537C808__wvu_FilterData: #REF!
Name Z_D05021AF_1DB5_4AD7_B085_4CD71612CDB6__wvu_FilterData: #REF!
Name Z_D5E1AF6B_71F1_4B33_880B_72787157ADA9__wvu_FilterData: #REF!
Name Z_D5E1AF6B_71F1_4B33_880B_72787157ADA9__wvu_PrintArea: #REF!
Name Z_E2E14CAC_FED5_4087_B580_6F7DEE9C9BA1__wvu_FilterData: #REF!
Name Z_EF5A4981_C8E4_11D8_A2FC_006098EF8BA8__wvu_Cols: #REF!
Name Z_EF5A4981_C8E4_11D8_A2FC_006098EF8BA8__wvu_PrintArea: 'приложение 11'!$A$3
Name Z_EF5A4981_C8E4_11D8_A2FC_006098EF8BA8__wvu_PrintTitles: #REF!
Name Z_EFA5B1DC_5497_4E2C_A2B5_ED756C88CC7C__wvu_Cols: #REF!
Name Z_EFA5B1DC_5497_4E2C_A2B5_ED756C88CC7C__wvu_FilterData: #REF!

Sheet приложение 7
C1: Приложение 7
C2: к решению Совета муниципального образования Белореченский район от 18 декабря 2025 г. № 231 «О бюджете муниципального образования Белореченский район на 2026 год и на плановый период 2027 и 2028 годов»
B3: Распределение бюджетных ассигнований бюджета муниципального образования Белореченский муниципальный район Краснодарского края по разделам и подразделам классификации расходов бюджетов на 2027 и 2028 годы
H4: (рублей)
A5: № п/п | B5: Наименование | C5: Коды бюджетной классификации | G5: 2027 год | H5: 2028 год
C6: Раздел | D6: Подраздел | E6: Целевая статья | F6: Вид расхода
A7: 1 | B7: 2 | C7: 3 | D7: 4 | E7: 5 | F7: 6 | G7: 5 | H7: 6
B8: Всего расходов | G8: =G9+G17+G21+G26+G28+G34+G37+G41+G46+G48 -> 4573902800 | H8: =H9+H17+H21+H26+H28+H34+H37+H41+H46+H48 -> 4559043400
A9: 1. | B9: Общегосударственные вопросы | C9: 01 | G9: =G10+G11+G12+G14+G15+G16+G13 -> 347646300 | H9: =H10+H11+H12+H14+H15+H16+H13 -> 341200700
B10: Функционирование высшего должностного лица субъекта Российской Федерации и муниципального образования | C10: 01 | D10: 02 | G10: ='приложение 11'!I27 -> 2214500 | H10: ='приложение 11'!M27 -> 2181300
B11: Функционирование законодательных (представительных) органов государственной власти и и представительных органов муниципальных образований | C11: 01 | D11: 03 | E11: 0020000 | G11: ='приложение 11'!I11 -> 6104300 | H11: ='приложение 11'!M11 -> 6012700
B12: Функционирование Правительства Российской Федерации, высших органов исполнительной власти субъектов Российской Федерации, местных администраций | C12: 01 | D12: 04 | G12: ='приложение 11'!I32 -> 72929500 | H12: ='приложение 11'!M32 -> 71950200
B13: Судебная система | C13: 01 | D13: 05 | G13: ='приложение 11'!I46 -> 9200 | H13: ='приложение 11'!M46 -> 9200
B14: Обеспечение деятельности финансовых, налоговых и таможенных органов и органов финансового (финансово-бюджетного) надзора | C14: 01 | D14: 06 | E14: 0020000 | G14: ='приложение 11'!I216+'приложение 11'!I236 -> 27396900 | H14: ='приложение 11'!M216+'приложение 11'!M236 -> 26986400
B15: Резервные фонды | C15: 01 | D15: 11 | E15: 0020400 | G15: ='приложение 11'!I50 -> 5000000 | H15: ='приложение 11'!M50 -> 5000000
B16: Другие общегосударственные вопросы | C16: 01 | D16: 13 | E16: 0020400 | F16: 012 | G16: ='приложение 11'!I55+'приложение 11'!I276+'приложение 11'!I222+'приложение 11'!I493+'приложение 11'!I291+'приложение 11'!I442+'приложение 11'!I245+'приложение 11'!I20+'приложение 11'!I252+'приложение 11'!I529 -> 233991900 | H16: ='приложение 11'!M55+'приложение 11'!M276+'приложение 11'!M222+'приложение 11'!M493+'приложение 11'!M291+'приложение 11'!M442+'приложение 11'!M245+'приложение 11'!M20+'приложение 11'!M252+'приложение 11'!M529 -> 229060900
A17: 2. | B17: Национальная безопасность и правоохранительная деятельность | C17: 03 | G17: =G18+G20+G19 -> 47464700 | H17: =H18+H20+H19 -> 47208700
B18: Гражданская оборона | C18: 03 | D18: 09 | G18: ='приложение 11'!I100 -> 35762700 | H18: ='приложение 11'!M100 -> 35406700
B19: Защита населения и территории от чрезвычайных ситуаций природного и техногенного характера, пожарная безопасность | C19: 03 | D19: 10 | G19: ='приложение 11'!I114 -> 252000 | H19: ='приложение 11'!M114 -> 252000
B20: Другие вопросы в области национальной безопасности и правоохранительной деятельности | C20: 03 | D20: 14 | G20: ='приложение 11'!I119 -> 11450000 | H20: ='приложение 11'!M119 -> 11550000
A21: 3. | B21: Национальная экономика | C21: 04 | G21: =G22+G24+G25+G23 -> 54257000 | H21: =H22+H24+H25+H23 -> 55031600
B22: Сельское хозяйство и рыболовство | C22: 04 | D22: 05 | G22: ='приложение 11'!I258 -> 28950300 | H22: ='приложение 11'!M258 -> 28826200
B23: Транспорт | C23: 04 | D23: 08 | G23: ='приложение 11'!I140 -> 11250000 | H23: ='приложение 11'!M140 -> 11250000
B24: Дорожное хозяйство(дорожные фонды) | C24: 04 | D24: 09 | G24: ='приложение 11'!I145 -> 11986700 | H24: ='приложение 11'!M145 -> 12270400
B25: Другие вопросы в области национальной экономики | C25: 04 | D25: 12 | G25: ='приложение 11'!I150 -> 2070000 | H25: ='приложение 11'!M150 -> 2685000
A26: 4. | B26: Жилищно-коммунальное хозяйство | C26: 05 | G26: =G27 -> 32650300 | H26: =H27 -> 49535800
B27: Коммунальное хозяйство | C27: 05 | D27: 02 | G27: ='приложение 11'!I164 -> 32650300 | H27: ='приложение 11'!M164 -> 49535800
A28: 5. | B28: Образование | C28: 07 | G28: =G29+G30+G32+G33+G31 -> 3372631900 | H28: =H29+H30+H32+H33+H31 -> 3306150000
B29: Дошкольное образование | C29: 07 | D29: 01 | G29: ='приложение 11'!I298 -> 1123623000 | H29: ='приложение 11'!M298 -> 1164551000
B30: Общее образование | C30: 07 | D30: 02 | G30: ='приложение 11'!I317 -> 1971368100 | H30: ='приложение 11'!M317 -> 1861458900
B31: Дополнительное образование детей | C31: 07 | D31: 03 | G31: ='приложение 11'!I363+'приложение 11'!I448 -> 157302500 | H31: ='приложение 11'!M363+'приложение 11'!M448 -> 154427400
B32: Молодежная политика | C32: 07 | D32: 07 | G32: ='приложение 11'!I535+'приложение 11'!I573+'приложение 11'!I183 -> 19957800 | H32: ='приложение 11'!M535+'приложение 11'!M573+'приложение 11'!M183 -> 19679900
B33: Другие вопросы в области образования | C33: 07 | D33: 09 | G33: ='приложение 11'!I379+'приложение 11'!I188+'приложение 11'!I565+'приложение 11'!I455+'приложение 11'!I578 -> 100380500 | H33: ='приложение 11'!M379+'приложение 11'!M188+'приложение 11'!M565+'приложение 11'!M455+'приложение 11'!M578 -> 106032800
A34: 6. | B34: Культура и кинематография | C34: 08 | G34: =G35+G36 -> 83298400 | H34: =H35+H36 -> 79971400
B35: Культура | C35: 08 | D35: 01 | G35: ='приложение 11'!I461 -> 69138100 | H35: ='приложение 11'!M461 -> 65850300
B36: Другие вопросы в области культуры, кинематографии | C36: 08 | D36: 04 | E36: 4429900 | F36: 001 | G36: ='приложение 11'!I471 -> 14160300 | H36: ='приложение 11'!M471 -> 14121100
A37: 7. | B37: Социальная политика | C37: 10 | G37: =G38+G39+G40 -> 221406900 | H37: =H38+H39+H40 -> 223596000
B38: Социальное обеспечение населения | C38: 10 | D38: 03 | G38: ='приложение 11'!I196 -> 6162300 | H38: ='приложение 11'!M196 -> 6069900
B39: Охрана семьи и детства | C39: 10 | D39: 04 | G39: ='приложение 11'!I420+'приложение 11'!I584+'приложение 11'!I200 -> 200435200 | H39: ='приложение 11'!M420+'приложение 11'!M584+'приложение 11'!M200 -> 202716700
B40: Другие вопросы в области социальной политики | C40: 10 | D40: 06 | G40: ='приложение 11'!I595 -> 14809400 | H40: ='приложение 11'!M595 -> 14809400
A41: 8. | B41: Физическая культура и спорт | C41: 11 | G41: =G42+G45+G44+G43 -> 345547300 | H41: =H42+H45+H44+H43 -> 342349200
B42: Физическая культура | C42: 11 | D42: 01 | G42: ='приложение 11'!I499+'приложение 11'!I426 -> 198155000 | H42: ='приложение 11'!M499+'приложение 11'!M426 -> 196724400
B43: Массовый спорт | C43: 11 | D43: 02 | G43: ='приложение 11'!I506 -> 31300 | H43: ='приложение 11'!M506 -> 32600
B44: Спорт высших достижений | C44: 11 | D44: 03 | G44: ='приложение 11'!I511 -> 144362400 | H44: ='приложение 11'!M511 -> 142638600
B45: Другие вопросы в области физической культуры и спорта | C45: 11 | D45: 05 | E45: 5200000 | G45: ='приложение 11'!I521 -> 2998600 | H45: ='приложение 11'!M521 -> 2953600
A46: 9. | B46: Межбюджетные трансферты общего характера бюджетам субъектов Российской Федерации | C46: 14 | D46: 00 | G46: =G47 -> 25000000 | H46: =H47 -> 25000000
B47: Дотации на выравнивание бюджетной обеспеченности субъектов Российской Федерации и муниципальных образований | C47: 14 | D47: 01 | G47: ='приложение 11'!I228 -> 25000000 | H47: ='приложение 11'!M228 -> 25000000
B48: Условно утвержденные | G48: ='приложение 11'!I233 -> 44000000 | H48: ='приложение 11'!M233 -> 89000000
B50: Начальник финансового управления
B51: администрации муниципального образования
B52: Белореченский муниципальный район
B53: Краснодарского края | G53: Е.А. Греков

Sheet приложение 9
C2: Приложение 9
C3: к решению Совета муниципального образования Белореченский район от 18 декабря 2025 г. № 231 «О бюджете муниципального образования Белореченский район на 2026 год и на плановый период 2027 и 2028 годов»
B4: Распределение бюджетных ассигнований по целевым статьям (муниципальным программам муниципального образования Белореченский муниципальный район Краснодарского края и непрограммным направлениям деятельности), группам видов расходов классификации расходов бюджетов на 2027 и 2028 годы
F5: (рублей)
B6: Наименование | C6: КЦСР | D6: КВР | E6: 2027 год | F6: 2028 год
A7: 1 | B7: 2 | C7: 3 | D7: 4 | E7: 5 | F7: 6
B8: ВСЕГО | E8: =E9+E51+E55+E97+E103+E115+E130+E204+E219+E242+E246+E308+E276+E337+E238+E260+E272+E287+E256+E268+E295+E213+E234+E122+E126+E291 -> 4573902800 | F8: =F9+F51+F55+F97+F103+F115+F130+F204+F219+F242+F246+F308+F276+F337+F238+F260+F272+F287+F256+F268+F295+F213+F234+F122+F126+F291 -> 4559043400
A9: 1. | B9: Муниципальная программа "Обеспечение деятельности органов местного самоуправления" | C9: 5000000000 | E9: =E10+E15+E41+E45+E48 -> 181738500 | F9: =F10+F15+F41+F45+F48 -> 177998700
B10: Обеспечение деятельности высшего должностного лица муниципального образования | C10: 5010000000 | E10: =E11+E13 -> 2466500 | F10: =F11+F13 -> 2433300
B11: Расходы на обеспечение функций органов местного самоуправления | C11: 5010000190 | E11: =E12 -> 2214500 | F11: =F12 -> 2181300
B12: Расходы на выплаты персоналу в целях обеспечения выполнения функций государственными (муниципальными) органами, казенными учреждениями, органами управления государственными внебюджетными фондами | C12: 5010000190 | D12: 100 | E12: ='приложение 11'!I31 -> 2214500 | F12: ='приложение 11'!M31 -> 2181300
B13: Осуществление отдельного государственного полномочия Краснодарского края по формированию списков семей и граждан, жилые помещения которых утрачены, и (или) списков граждан, жилые помещения которых повреждены в результате чрезвычайных ситуаций природного и техногенного характера, а также в результате террористических актов и (или) при пресечении террористических актов правомерными действиями на территории Краснодарского края | C13: 5010060070 | E13: =E14 -> 252000 | F13: =F14 -> 252000
B14: Закупка товаров, работ и услуг для обеспечения государственных (муниципальных) нужд | C14: 5010060070 | D14: 200 | E14: ='приложение 11'!I118 -> 252000 | F14: ='приложение 11'!M118 -> 252000
B15: Обеспечение деятельности администрации муниципального образования | C15: 5020000000 | E15: =E16+E20+E23+E26+E32+E28+E36+E39 -> 150511000 | F15: =F16+F20+F23+F26+F32+F28+F36+F39 -> 148621200
B16: Расходы на обеспечение функций органов местного самоуправления | C16: 5020000190 | E16: =E17+E18+E19 -> 126090600 | F16: =F17+F18+F19 -> 124200800
B17: Расходы на выплаты персоналу в целях обеспечения выполнения функций государственными (муниципальными) органами, казенными учреждениями, органами управления государственными внебюджетными фондами | C17: 5020000190 | D17: 100 | E17: ='приложение 11'!I36+'приложение 11'!I220+'приложение 11'!I262+'приложение 11'!I280+'приложение 11'!I383+'приложение 11'!I475+'приложение 11'!I525+'приложение 11'!I569 -> 126080700 | F17: ='приложение 11'!M36+'приложение 11'!M220+'приложение 11'!M262+'приложение 11'!M280+'приложение 11'!M383+'приложение 11'!M475+'приложение 11'!M525+'приложение 11'!M569 -> 124191000
B18: Закупка товаров, работ и услуг для обеспечения государственных (муниципальных) нужд | C18: 5020000190 | D18: 200 | E18: ='приложение 11'!I281+'приложение 11'!I384 -> 0 | F18: ='приложение 11'!M281+'приложение 11'!M384 -> 0
B19: Иные бюджетные ассигнования | C19: 5020000190 | D19: 800 | E19: ='приложение 11'!I37+'приложение 11'!I221+'приложение 11'!I263+'приложение 11'!I282+'приложение 11'!I385+'приложение 11'!I476+'приложение 11'!I526+'приложение 11'!I570 -> 9900 | F19: ='приложение 11'!M37+'приложение 11'!M221+'приложение 11'!M263+'приложение 11'!M282+'приложение 11'!M385+'приложение 11'!M476+'приложение 11'!M526+'приложение 11'!M570 -> 9800
B20: Осуществление отдельных государственных полномочий по ведению учета граждан отдельных категорий в качестве нуждающихся в жилых помещениях и по формированию списка детей-сирот и детей, оставшихся без попечения родителей, лиц из числа детей-сирот и детей, оставшихся без попечения родителей, лиц, относившихся к категории детей-сирот и детей, оставшихся без попечения родителей, подлежащих обеспечению жилыми помещениями | C20: 5020060870 | E20: =E21+E22 -> 1015500 | F20: =F21+F22 -> 1015500
B21: Расходы на выплаты персоналу в целях обеспечения выполнения функций государственными (муниципальными) органами, казенными учреждениями, органами управления государственными внебюджетными фондами | C21: 5020060870 | D21: 100 | E21: ='приложение 11'!I39 -> 1015500 | F21: ='приложение 11'!M39 -> 1015500
B22: Закупка товаров, работ и услуг для обеспечения государственных (муниципальных) нужд | C22: 5020060870 | D22: 200 | E22: ='приложение 11'!I40 -> 0 | F22: ='приложение 11'!M40 -> 0
B23: Осуществление отдельных государственных полномочий Краснодарского края по поддержке сельскохозяйственного производства | C23: 5020060910 | E23: =E24+E25 -> 2024800 | F23: =F24+F25 -> 2024800
B24: Расходы на выплаты персоналу в целях обеспечения выполнения функций государственными (муниципальными) органами, казенными учреждениями, органами управления государственными внебюджетными фондами | C24: 5020060910 | D24: 100 | E24: ='приложение 11'!I265 -> 2024800 | F24: ='приложение 11'!M265 -> 2024800
B25: Закупка товаров, работ и услуг для обеспечения государственных (муниципальных) нужд | C25: 5020060910 | D25: 200 | E25: ='приложение 11'!I266 -> 0 | F25: ='приложение 11'!M266 -> 0
B26: Осуществление отдельных государственных полномочий по выявлению обстоятельств, свидетельствующих о необходимости оказания детям-сиротам и детям, оставшимся без попечения родителей, лицам из числа детей-сирот и детей, оставшихся без попечения родителей, содействия в преодолении трудной жизненной ситуации, и осуществлению контроля за использованием детьми-сиротами и детьми, оставшимися без попечения родителей, лицами из числа детей-сирот и детей, оставшихся без попечения родителей, предоставленных им жилых помещений специализированного жилищного фонда | C26: 5020069170 | E26: =E27 -> 1360400 | F26: =F27 -> 1360400
B27: Расходы на выплату персоналу в целях обеспечения функций государственными (муниципальными) органами, казенными учреждениями, органами управления государственными внебюджетными фондами | C27: 5020069170 | D27: 100 | E27: ='приложение 11'!I599 -> 1360400 | F27: ='приложение 11'!M599 -> 1360400
B28: Осуществление отдельных государственных полномочий Краснодарского края по организации и обеспечению отдыха и оздоровления детей (за исключением организации отдыха детей в каникулярное время) | C28: 5020069180 | E28: =E29+E30+E31 -> 1015700 | F28: =F29+F30+F31 -> 1015700
B29: Расходы на выплату персоналу в целях обеспечения функций государственными (муниципальными) органами, казенными учреждениями, органами управления государственными внебюджетными фондами | C29: 5020069180 | D29: 100 | E29: ='приложение 11'!I601 -> 1015700 | F29: ='приложение 11'!M601 -> 1015700
B30: Закупка товаров, работ и услуг для обеспечения государственных (муниципальных) нужд | C30: 5020069180 | D30: 200 | E30: ='приложение 11'!I602 -> 0 | F30: ='приложение 11'!M602 -> 0
B31: Иные бюджетные ассигнования | C31: 5020069180 | D31: 800 | E31: ='приложение 11'!I603 -> 0 | F31: ='приложение 11'!M603 -> 0
B32: Осуществление отдельных государственных полномочий по организации и осуществлению деятельности по опеке и попечительству в отношении несовершеннолетних | C32: 5020069190 | E32: =E33+E34+E35 -> 12433300 | F32: =F33+F34+F35 -> 12433300
B33: Расходы на выплату персоналу в целях обеспечения функций государственными (муниципальными) органами, казенными учреждениями, органами управления государственными внебюджетными фондами | C33: 5020069190 | D33: 100 | E33: ='приложение 11'!I605 -> 11732800 | F33: ='приложение 11'!M605 -> 12433300
B34: Закупка товаров, работ и услуг для обеспечения государственных (муниципальных) нужд | C34: 5020069190 | D34: 200 | E34: ='приложение 11'!I606 -> 700000 | F34: ='приложение 11'!M606 -> 0
B35: Иные бюджетные ассигнования | C35: 5020069190 | D35: 800 | E35: ='приложение 11'!I607 -> 500 | F35: ='приложение 11'!M607 -> 0
B36: Осуществление отдельных государственных полномочий по созданию и организации деятельности комиссий по делам несовершеннолетних и защите их прав | C36: 5020069200 | E36: =E37+E38 -> 5555200 | F36: =F37+F38 -> 5555200
B37: Расходы на выплаты персоналу в целях обеспечения выполнения функций государственными (муниципальными) органами, казенными учреждениями, органами управления государственными внебюджетными фондами | C37: 5020069200 | D37: 100 | E37: ='приложение 11'!I42 -> 5455200 | F37: ='приложение 11'!M42 -> 5455200
B38: Закупка товаров, работ и услуг для обеспечения государственных (муниципальных) нужд | C38: 5020069200 | D38: 200 | E38: ='приложение 11'!I43 -> 100000 | F38: ='приложение 11'!M43 -> 100000
B39: 0существление отдельных государственных полномочий по предоставлению лицам, которые относились к категории детей-сирот и детей, оставшихся без попечения родителей, лиц из числа детей-сирот и детей, оставшихся без попечения родителей, и достигли возраста 23 лет, выплаты на приобретение благоустроенного жилого помещения в собственность или для полного погашения предоставленного на приобретение жилого помещения кредита (займа) по договору, обязательства заемщика по которому обеспечены ипотекой | C39: 5020069210 | E39: =E40 -> 1015500 | F39: =F40 -> 1015500
B40: Расходы на выплаты персоналу в целях обеспечения выполнения функций государственными (муниципальными) органами, казенными учреждениями, органами управления государственными внебюджетными фондами | C40: 5020069210 | D40: 100 | E40: ='приложение 11'!I45 -> 1015500 | F40: ='приложение 11'!M45 -> 1015500
B41: Укрепление материально-технической базы органов местного самоуправления | C41: 5030000000 | E41: =E42 -> 21761000 | F41: =F42 -> 19944200
B42: Укрепление материально-технического оснащения для бесперебойного обеспечения бюджетного процесса | C42: 5030010030 | E42: =E43+E44 -> 21761000 | F42: =F43+F44 -> 19944200
B43: Закупка товаров, работ и услуг для обеспечения государственных (муниципальных) нужд | C43: 5030010030 | D43: 200 | E43: ='приложение 11'!I24+'приложение 11'!I249+'приложение 11'!I256+'приложение 11'!I285+'приложение 11'!I533+'приложение 11'!I295+'приложение 11'!I226+'приложение 11'!I446+'приложение 11'!I497+'приложение 11'!I59 -> 21746000 | F43: ='приложение 11'!M24+'приложение 11'!M249+'приложение 11'!M256+'приложение 11'!M285+'приложение 11'!M533+'приложение 11'!M295+'приложение 11'!M226+'приложение 11'!M446+'приложение 11'!M497+'приложение 11'!M59 -> 19929200
B44: Иные бюджетные ассигнования | C44: 5030010030 | D44: 800 | E44: ='приложение 11'!I296 -> 15000 | F44: ='приложение 11'!M296 -> 15000
B45: Повышение информированности населения о деятельности органов власти | C45: 5040000000 | E45: =E46 -> 2000000 | F45: =F46 -> 2000000
B46: Обеспечение информационной открытости органов власти | C46: 5040010560 | E46: =E47 -> 2000000 | F46: =F47 -> 2000000
B47: Закупка товаров, работ и услуг для обеспечения государственных (муниципальных) нужд | C47: 5040010560 | D47: 200 | E47: ='приложение 11'!I62 -> 2000000 | F47: ='приложение 11'!M62 -> 2000000
B48: Создание информационно-технической инфраструктуры администрации | C48: 5050000000 | E48: =E49 -> 5000000 | F48: =F49 -> 5000000
B49: Информатизация администрации муниципального образования | C49: 5050010780 | E49: =E50 -> 5000000 | F49: =F50 -> 5000000
B50: Закупка товаров, работ и услуг для обеспечения государственных (муниципальных) нужд | C50: 5050010780 | D50: 200 | E50: ='приложение 11'!I65 -> 5000000 | F50: ='приложение 11'!M65 -> 5000000
A51: 2. | B51: Муниципальная программа "Управление муниципальными финансами" | C51: 5100000000 | E51: =E52 -> 25000000 | F51: =F52 -> 25000000
B52: Повышение уровня бюджетной обеспеченности муниципальных образований Белореченского района | C52: 5110000000 | E52: =E53 -> 25000000 | F52: =F53 -> 25000000
B53: Дотации на выравнивание бюджетной обеспеченности поселений | C53: 51100A0030 | E53: =E54 -> 25000000 | F53: =F54 -> 25000000
B54: Межбюджетные трансферты | C54: 51100A0030 | D54: 500 | E54: ='приложение 11'!I232 -> 25000000 | F54: ='приложение 11'!M232 -> 25000000
A55: 3. | B55: Муниципальная программа "Обеспечение деятельности казенных учреждений" | C55: 5200000000 | E55: =E56+E61+E71+E77+E87+E92+E82+E66 -> 291373700 | F55: =F56+F61+F71+F77+F87+F92+F82+F66 -> 289697300
B56: Централизованная бухгалтерия | C56: 5210000000 | E56: =E57 -> 136514100 | F56: =F57 -> 136970200
B57: Расходы на обеспечение деятельности (оказание услуг) муниципальных учреждений | C57: 5210000590 | E57: =E58+E59+E60 -> 136514100 | F57: =F58+F59+F60 -> 136970200
B58: Расходы на выплаты персоналу в целях обеспечения выполнения функций государственными (муниципальными) органами, казенными учреждениями, органами управления государственными внебюджетными фондами | C58: 5210000590 | D58: 100 | E58: ='приложение 11'!I192+'приложение 11'!I69 -> 118524200 | F58: ='приложение 11'!M192+'приложение 11'!M69 -> 117093900
B59: Закупка товаров, работ и услуг для обеспечения государственных (муниципальных) нужд | C59: 5210000590 | D59: 200 | E59: ='приложение 11'!I193+'приложение 11'!I70 -> 17881300 | F59: ='приложение 11'!M193+'приложение 11'!M70 -> 19769300
B60: Иные бюджетные ассигнования | C60: 5210000590 | D60: 800 | E60: ='приложение 11'!I194+'приложение 11'!I71 -> 108600 | F60: ='приложение 11'!M194+'приложение 11'!M71 -> 107000
B61: Управление по обеспечению деятельности администрации | C61: 5220000000 | E61: =E62 -> 38562400 | F61: =F62 -> 37981100
B62: Расходы на обеспечение деятельности (оказание услуг) муниципальных учреждений | C62: 5220000590 | E62: =E63+E64+E65 -> 38562400 | F62: =F63+F64+F65 -> 37981100
B63: Расходы на выплаты персоналу в целях обеспечения выполнения функций государственными (муниципальными) органами, казенными учреждениями, органами управления государственными внебюджетными фондами | C63: 5220000590 | D63: 100 | E63: ='приложение 11'!I74 -> 27329000 | F63: ='приложение 11'!M74 -> 26919400
B64: Закупка товаров, работ и услуг для обеспечения государственных (муниципальных) нужд | C64: 5220000590 | D64: 200 | E64: ='приложение 11'!I75 -> 11124100 | F64: ='приложение 11'!M75 -> 10954000
B65: Иные бюджетные ассигнования | C65: 5220000590 | D65: 800 | E65: ='приложение 11'!I76 -> 109300 | F65: ='приложение 11'!M76 -> 107700
B66: Архитектура и градостроительство | C66: 5230000000 | E66: =E67 -> 18204200 | F66: =F67 -> 17931200
B67: Расходы на обеспечение деятельности (оказание услуг) муниципальных учреждений | C67: 5230000590 | E67: =E68+E69+E70 -> 18204200 | F67: =F68+F69+F70 -> 17931200
B68: Расходы на выплаты персоналу в целях обеспечения выполнения функций государственными (муниципальными) органами, казенными учреждениями, органами управления государственными внебюджетными фондами | C68: 5230000590 | D68: 100 | E68: ='приложение 11'!I79 -> 17328300 | F68: ='приложение 11'!M79 -> 17068600
B69: Закупка товаров, работ и услуг для обеспечения государственных (муниципальных) нужд | C69: 5230000590 | D69: 200 | E69: ='приложение 11'!I80 -> 667400 | F69: ='приложение 11'!M80 -> 657200
B70: Иные бюджетные ассигнования | C70: 5230000590 | D70: 800 | E70: ='приложение 11'!I81 -> 208500 | F70: ='приложение 11'!M81 -> 205400
B71: Служба ГО и ЧС | C71: 5240000000 | E71: =E72 -> 35762500 | F71: =F72 -> 35406500
B72: Расходы на обеспечение деятельности (оказание услуг) муниципальных учреждений | C72: 5240000590 | E72: =E73+E74+E76+E75 -> 35762500 | F72: =F73+F74+F76+F75 -> 35406500
B73: Расходы на выплаты персоналу в целях обеспечения выполнения функций государственными (муниципальными) органами, казенными учреждениями, органами управления государственными внебюджетными фондами | C73: 5240000590 | D73: 100 | E73: ='приложение 11'!I104 -> 21946500 | F73: ='приложение 11'!M104 -> 21617600
B74: Закупка товаров, работ и услуг для обеспечения государственных (муниципальных) нужд | C74: 5240000590 | D74: 200 | E74: ='приложение 11'!I105 -> 1802100 | F74: ='приложение 11'!M105 -> 1775200
B75: Межбюджетные трансферты | C75: 5240000590 | D75: 500 | E75: ='приложение 11'!I106 -> 12000000 | F75: ='приложение 11'!M106 -> 12000000
B76: Иные бюджетные ассигнования | C76: 5240000590 | D76: 800 | E76: ='приложение 11'!I107 -> 13900 | F76: ='приложение 11'!M107 -> 13700
B77: ЦРО и МСКО | C77: 5250000000 | E77: =E78 -> 28245900 | F77: =F78 -> 27842700
B78: Расходы на обеспечение деятельности (оказание услуг) муниципальных учреждений | C78: 5250000590 | E78: =E79+E80+E81 -> 28245900 | F78: =F79+F80+F81 -> 27842700
B79: Расходы на выплаты персоналу в целях обеспечения выполнения функций государственными (муниципальными) органами, казенными учреждениями, органами управления государственными внебюджетными фондами | C79: 5250000590 | D79: 100 | E79: ='приложение 11'!I389+'приложение 11'!I480 -> 24966500 | F79: ='приложение 11'!M389+'приложение 11'!M480 -> 24592300
B80: Закупка товаров, работ и услуг для обеспечения государственных (муниципальных) нужд | C80: 5250000590 | D80: 200 | E80: ='приложение 11'!I390+'приложение 11'!I481 -> 3263400 | F80: ='приложение 11'!M390+'приложение 11'!M481 -> 3234700
B81: Иные бюджетные ассигнования | C81: 5250000590 | D81: 800 | E81: ='приложение 11'!I391+'приложение 11'!I482 -> 16000 | F81: ='приложение 11'!M391+'приложение 11'!M482 -> 15700
B82: Служба заказчика | C82: 5260000000 | E82: =E83 -> 16355100 | F82: =F83 -> 16101500
B83: Расходы на обеспечение деятельности (оказание услуг) муниципальных учреждений | C83: 5260000590 | E83: =E84+E85+E86 -> 16355100 | F83: =F84+F85+F86 -> 16101500
B84: Расходы на выплаты персоналу в целях обеспечения выполнения функций государственными (муниципальными) органами, казенными учреждениями, органами управления государственными внебюджетными фондами | C84: 5260000590 | D84: 100 | E84: ='приложение 11'!I84 -> 14357200 | F84: ='приложение 11'!M84 -> 14142100
B85: Закупка товаров, работ и услуг для обеспечения государственных (муниципальных) нужд | C85: 5260000590 | D85: 200 | E85: ='приложение 11'!I85 -> 1613600 | F85: ='приложение 11'!M85 -> 1580800
B86: Иные бюджетные ассигнования | C86: 5260000590 | D86: 800 | E86: ='приложение 11'!I86 -> 384300 | F86: ='приложение 11'!M86 -> 378600
B87: Новое поколение | C87: 5270000000 | E87: =E88 -> 13853300 | F87: =F88 -> 13645900
B88: Расходы на обеспечение деятельности (оказание услуг) муниципальных учреждений | C88: 5270000590 | E88: =E89+E90+E91 -> 13853300 | F88: =F89+F90+F91 -> 13645900
B89: Расходы на выплаты персоналу в целях обеспечения выполнения функций государственными (муниципальными) органами, казенными учреждениями, органами управления государственными внебюджетными фондами | C89: 5270000590 | D89: 100 | E89: ='приложение 11'!I539 -> 12485100 | F89: ='приложение 11'!M539 -> 12298000
B90: Закупка товаров, работ и услуг для обеспечения государственных (муниципальных) нужд | C90: 5270000590 | D90: 200 | E90: ='приложение 11'!I540 -> 1364900 | F90: ='приложение 11'!M540 -> 1344600
B91: Иные бюджетные ассигнования | C91: 5270000590 | D91: 800 | E91: ='приложение 11'!I541 -> 3300 | F91: ='приложение 11'!M541 -> 3300
B92: Центр военно-патриотического воспитания подростков и молодежи имени Героя Советского Союза С.Т.Голенева | C92: 5280000000 | E92: =E93 -> 3876200 | F92: =F93 -> 3818200
B93: Расходы на обеспечение деятельности (оказания услуг) муниципальных учреждений | C93: 5280000590 | E93: =E94+E95+E96 -> 3876200 | F93: =F94+F95+F96 -> 3818200
B94: Расходы на выплаты персоналу в целях обеспечения выполнения функций государственными (муниципальными) органами, казенными учреждениями, органами управления государственными внебюджетными фондами | C94: 5280000590 | D94: 100 | E94: ='приложение 11'!I544 -> 3688000 | F94: ='приложение 11'!M544 -> 3632800
B95: Закупка товаров, работ и услуг для обеспечения государственных (муниципальных) нужд | C95: 5280000590 | D95: 200 | E95: ='приложение 11'!I545 -> 187500 | F95: ='приложение 11'!M545 -> 184700
B96: Иные бюджетные ассигнования | C96: 5280000590 | D96: 800 | E96: ='приложение 11'!I546 -> 700 | F96: ='приложение 11'!M546 -> 700
A97: 4. | B97: Муниципальная программа "Молодежная политика, оздоровление, занятость детей и подростков" | C97: 5300000000 | E97: =E98 -> 828300 | F97: =F98 -> 815800
B98: Мероприятия в области молодежной политики | C98: 5310000000 | E98: =E99 -> 828300 | F98: =F99 -> 815800
B99: Реализация мероприятий для детей и молодежи | C99: 5310010350 | E99: =E100+E101+E102 -> 828300 | F99: =F100+F101+F102 -> 815800
B100: Расходы на выплаты персоналу в целях обеспечения выполнения функций государственными (муниципальными) органами, казенными учреждениями, органами управления государственными внебюджетными фондами | C100: 5310010350 | D100: 100 | E100: ='приложение 11'!I550 -> 100000 | F100: ='приложение 11'!M550 -> 100000
B101: Закупка товаров, работ и услуг для обеспечения государственных (муниципальных) нужд | C101: 5310010350 | D101: 200 | E101: ='приложение 11'!I551 -> 298300 | F101: ='приложение 11'!M551 -> 285800
...

Sheet приложение 11
H1: Приложение 11
H2: к решению Совета муниципального образования Белореченский район от 18 декабря 2025 г. № 231 «О бюджете муниципального образования Белореченский район на 2026 год и на плановый период 2027 и 2028 годов»
C3: Ведомственная структура расходов бюджета муниципального образования Белореченский муниципальный район Краснодарского края на 2027 и 2028 годы
M4: (рублей)
B5: № п\п | C5: Наименование | D5: Коды бюджетной классификации | I5: 2027 год | J5: Первоначальный бюджет | K5: Изменения (+;-) | L5: Формулы не заполнять | M5: 2028 год | N5: Первоначальный бюджет | O5: Изменения (+;-) | P5: Формулы не заполнять
D6: Вед | E6: Раздел | F6: Подраздел | G6: Целевая статья | H6: Вид расхода
B7: 1 | C7: 2 | D7: 3 | E7: 4 | F7: 5 | G7: 6 | H7: 7 | I7: 8 | M7: 9
C8: ВСЕГО | I8: =SUM(J8:L8) -> 4573902800 | J8: =J9+J25+J214+J234+J250+J274+J289+J440+J491+J527+J571 -> 4322907500 | K8: =K9+K25+K214+K234+K250+K274+K289+K440+K491+K527+K571 -> 250995300 | L8: =L9+L25+L214+L234+L250+L274+L289+L440+L491+L527+L571 -> 0 | M8: =SUM(N8:P8) -> 4559043400 | N8: =N9+N25+N214+N234+N250+N274+N289+N440+N491+N527+N571 -> 4559043400 | O8: =O9+O25+O214+O234+O250+O274+O289+O440+O491+O527+O571 -> 0 | P8: =P9+P25+P214+P234+P250+P274+P289+P440+P491+P527+P571 -> 0
B9: 1. | C9: Совет муниципального образования Белореченский муниципальный район Краснодарского края | D9: 901 | I9: =SUM(J9:L9) -> 7504300 | J9: =J10 -> 5724100 | K9: =K10 -> 1780200 | L9: =L10 -> 0 | M9: =SUM(N9:P9) -> 6012700 | N9: =N10 -> 6012700 | O9: =O10 -> 0 | P9: =P10 -> 0
C10: Общегосударственные вопросы | D10: 901 | E10: 01 | F10: 00 | I10: =SUM(J10:L10) -> 7504300 | J10: =J11+J20 -> 5724100 | K10: =K11+K20 -> 1780200 | L10: =L11+L20 -> 0 | M10: =SUM(N10:P10) -> 6012700 | N10: =N11+N20 -> 6012700 | O10: =O11+O20 -> 0 | P10: =P11+P20 -> 0
C11: Функционирование законодательных (представительных) органов государственной власти и представительных органов муниципальных образований | D11: 901 | E11: 01 | F11: 03 | I11: =SUM(J11:L11) -> 6104300 | J11: =J12 -> 5724100 | K11: =K12 -> 380200 | L11: =L12 -> 0 | M11: =SUM(N11:P11) -> 6012700 | N11: =N12 -> 6012700 | O11: =O12 -> 0 | P11: =P12 -> 0
C12: Другие непрограммные направления деятельности органов местного самоуправления | D12: 901 | E12: 01 | F12: 03 | G12: 9900000000 | I12: =SUM(J12:L12) -> 6104300 | J12: =J13+J16 -> 5724100 | K12: =K13+K16 -> 380200 | L12: =L13+L16 -> 0 | M12: =SUM(N12:P12) -> 6012700 | N12: =N13+N16 -> 6012700 | O12: =O13+O16 -> 0 | P12: =P13+P16 -> 0
C13: Обеспечение деятельности лиц, замещающих муниципальные должности в представительных органах, контрольно-счетных органах муниципальных образований | D13: 901 | E13: 01 | F13: 03 | G13: 9910000000 | I13: =SUM(J13:L13) -> 2020000 | J13: =J14 -> 1899100 | K13: =K14 -> 120900 | L13: =L14 -> 0 | M13: =SUM(N13:P13) -> 1989600 | N13: =N14 -> 1989600 | O13: =O14 -> 0 | P13: =P14 -> 0
C14: Расходы на обеспечение функций органов местного самоуправления | D14: 901 | E14: 01 | F14: 03 | G14: 9910000190 | I14: =SUM(J14:L14) -> 2020000 | J14: =J15 -> 1899100 | K14: =K15 -> 120900 | L14: =L15 -> 0 | M14: =SUM(N14:P14) -> 1989600 | N14: =N15 -> 1989600 | O14: =O15 -> 0 | P14: =P15 -> 0
C15: Расходы на выплаты персоналу в целях обеспечения выполнения функций государственными (муниципальными) органами, казенными учреждениями, органами управления государственными внебюджетными фондами | D15: 901 | E15: 01 | F15: 03 | G15: 9910000190 | H15: 100 | I15: =SUM(J15:L15) -> 2020000 | J15: 1899100 | K15: 120900 | M15: =SUM(N15:P15) -> 1989600 | N15: 1989600
C16: Обеспечение деятельности муниципальных и немуниципальных служащих в представительных органах, контрольно-счетных органах муниципальных образований | D16: 901 | E16: 01 | F16: 03 | G16: 9920000000 | I16: =SUM(J16:L16) -> 4084300 | J16: =J17 -> 3825000 | K16: =K17 -> 259300 | L16: =L17 -> 0 | M16: =SUM(N16:P16) -> 4023100 | N16: =N17 -> 4023100 | O16: =O17 -> 0 | P16: =P17 -> 0
C17: Расходы на обеспечение функций органов местного самоуправления | D17: 901 | E17: 01 | F17: 03 | G17: 9920000190 | I17: =SUM(J17:L17) -> 4084300 | J17: =J18+J19 -> 3825000 | K17: =K18+K19 -> 259300 | L17: =L18+L19 -> 0 | M17: =SUM(N17:P17) -> 4023100 | N17: =N18+N19 -> 4023100 | O17: =O18+O19 -> 0 | P17: =P18+P19 -> 0
C18: Расходы на выплаты персоналу в целях обеспечения выполнения функций государственными (муниципальными) органами, казенными учреждениями, органами управления государственными внебюджетными фондами | D18: 901 | E18: 01 | F18: 03 | G18: 9920000190 | H18: 100 | I18: =SUM(J18:L18) -> 4081000 | J18: 3821300 | K18: 259700 | M18: =SUM(N18:P18) -> 4019800 | N18: 4019800
C19: Иные бюджетные ассигнования | D19: 901 | E19: 01 | F19: 03 | G19: 9920000190 | H19: 800 | I19: =SUM(J19:L19) -> 3300 | J19: 3700 | K19: -400 | M19: =SUM(N19:P19) -> 3300 | N19: 3300
C20: Другие общегосударственные вопросы | D20: 901 | E20: 01 | F20: 13 | I20: =SUM(J20:L20) -> 1400000 | J20: =J21 -> 0 | K20: =K21 -> 1400000 | L20: =L21 -> 0 | M20: =SUM(N20:P20) -> 0 | N20: =N21 -> 0 | O20: =O21 -> 0 | P20: =P21 -> 0
C21: Муниципальная программа "Обеспечение деятельности органов местного самоуправления" | D21: 901 | E21: 01 | F21: 13 | G21: 500000000 | I21: =SUM(J21:L21) -> 1400000 | J21: =J22 -> 0 | K21: =K22 -> 1400000 | L21: =L22 -> 0 | M21: =SUM(N21:P21) -> 0 | N21: =N22 -> 0 | O21: =O22 -> 0 | P21: =P22 -> 0
C22: Укрепление материально-технической базы органов местного самоуправления | D22: 901 | E22: 01 | F22: 13 | G22: 5030000000 | I22: =SUM(J22:L22) -> 1400000 | J22: =J23 -> 0 | K22: =K23 -> 1400000 | L22: =L23 -> 0 | M22: =SUM(N22:P22) -> 0 | N22: =N23 -> 0 | O22: =O23 -> 0 | P22: =P23 -> 0
C23: Укрепление материально-технического оснащения для бесперебойного обеспечения бюджетного процесса | D23: 901 | E23: 01 | F23: 13 | G23: 5030010030 | I23: =SUM(J23:L23) -> 1400000 | J23: =J24 -> 0 | K23: =K24 -> 1400000 | L23: =L24 -> 0 | M23: =SUM(N23:P23) -> 0 | N23: =N24 -> 0 | O23: =O24 -> 0 | P23: =P24 -> 0
C24: Закупка товаров, работ и услуг для обеспечения государственных (муниципальных) нужд | D24: 901 | E24: 01 | F24: 13 | G24: 5030010030 | H24: 200 | I24: =SUM(J24:L24) -> 1400000 | K24: 1400000 | M24: =SUM(N24:P24) -> 0
B25: 2. | C25: Администрация муниципального образования Белореченский муниципальный район Краснодарского края | D25: 902 | I25: =SUM(J25:L25) -> 518011500 | J25: =J26+J99+J139+J163+J182+J195 -> 474496300 | K25: =K26+K99+K139+K163+K182+K195 -> 43515200 | L25: =L26+L99+L139+L163+L182+L195 -> 0 | M25: =SUM(N25:P25) -> 533459900 | N25: =N26+N99+N139+N163+N182+N195 -> 533459900 | O25: =O26+O99+O139+O163+O182+O195 -> 0 | P25: =P26+P99+P139+P163+P182+P195 -> 0
C26: Общегосударственные вопросы | D26: 902 | E26: 01 | F26: 00 | I26: =SUM(J26:L26) -> 284673200 | J26: =J27+J32+J50+J55+J46 -> 243250400 | K26: =K27+K32+K50+K55+K46 -> 41422800 | L26: =L27+L32+L50+L55+L46 -> 0 | M26: =SUM(N26:P26) -> 280737100 | N26: =N27+N32+N50+N55+N46 -> 280737100 | O26: =O27+O32+O50+O55+O46 -> 0 | P26: =P27+P32+P50+P55+P46 -> 0
C27: Функционирование высшего должностного лица субъекта Российской Федерации и муниципального образования | D27: 902 | E27: 01 | F27: 02 | I27: =SUM(J27:L27) -> 2214500 | J27: =J28 -> 2089200 | K27: =K28 -> 125300 | L27: =L28 -> 0 | M27: =SUM(N27:P27) -> 2181300 | N27: =N28 -> 2181300 | O27: =O28 -> 0 | P27: =P28 -> 0
C28: Муниципальная программа "Обеспечение деятельности органов местного самоуправления" | D28: 902 | E28: 01 | F28: 02 | G28: 5000000000 | I28: =SUM(J28:L28) -> 2214500 | J28: =J29 -> 2089200 | K28: =K29 -> 125300 | L28: =L29 -> 0 | M28: =SUM(N28:P28) -> 2181300 | N28: =N29 -> 2181300 | O28: =O29 -> 0 | P28: =P29 -> 0
C29: Обеспечение деятельности высшего должностного лица муниципального образования | D29: 902 | E29: 01 | F29: 02 | G29: 5010000000 | I29: =SUM(J29:L29) -> 2214500 | J29: =J30 -> 2089200 | K29: =K30 -> 125300 | L29: =L30 -> 0 | M29: =SUM(N29:P29) -> 2181300 | N29: =N30 -> 2181300 | O29: =O30 -> 0 | P29: =P30 -> 0
C30: Расходы на обеспечение функций органов местного самоуправления | D30: 902 | E30: 01 | F30: 02 | G30: 5010000190 | I30: =SUM(J30:L30) -> 2214500 | J30: =J31 -> 2089200 | K30: =K31 -> 125300 | L30: =L31 -> 0 | M30: =SUM(N30:P30) -> 2181300 | N30: =N31 -> 2181300 | O30: =O31 -> 0 | P30: =P31 -> 0
C31: Расходы на выплаты персоналу в целях обеспечения выполнения функций государственными (муниципальными) органами, казенными учреждениями, органами управления государственными внебюджетными фондами | D31: 902 | E31: 01 | F31: 02 | G31: 5010000190 | H31: 100 | I31: =SUM(J31:L31) -> 2214500 | J31: 2089200 | K31: 125300 | M31: =SUM(N31:P31) -> 2181300 | N31: 2181300
C32: Функционирование Правительства Российской Федерации, высших исполнительных органов государственной власти субъектов Российской Федерации, местных администраций | D32: 902 | E32: 01 | F32: 04 | I32: =SUM(J32:L32) -> 72929500 | J32: =J33 -> 84918300 | K32: =K33 -> -11988800 | L32: =L33 -> 0 | M32: =SUM(N32:P32) -> 71950200 | N32: =N33 -> 71950200 | O32: =O33 -> 0 | P32: =P33 -> 0
C33: Муниципальная программа "Обеспечение деятельности органов местного самоуправления" | D33: 902 | E33: 01 | F33: 04 | G33: 5000000000 | I33: =SUM(J33:L33) -> 72929500 | J33: =J34 -> 84918300 | K33: =K34 -> -11988800 | L33: =L34 -> 0 | M33: =SUM(N33:P33) -> 71950200 | N33: =N34 -> 71950200 | O33: =O34 -> 0 | P33: =P34 -> 0
C34: Обеспечение деятельности администрации муниципального образования | D34: 902 | E34: 01 | F34: 04 | G34: 5020000000 | I34: =SUM(J34:L34) -> 72929500 | J34: =J35+J38+J41+J44 -> 84918300 | K34: =K35+K38+K41+K44 -> -11988800 | L34: =L35+L38+L41+L44 -> 0 | M34: =SUM(N34:P34) -> 71950200 | N34: =N35+N38+N41+N44 -> 71950200 | O34: =O35+O38+O41+O44 -> 0 | P34: =P35+P38+P41+P44 -> 0
C35: Расходы на обеспечение функций органов местного самоуправления | D35: 902 | E35: 01 | F35: 04 | G35: 5020000190 | I35: =SUM(J35:L35) -> 65343300 | J35: =J36+J37 -> 77604500 | K35: =K36+K37 -> -12261200 | L35: =L36+L37 -> 0 | M35: =SUM(N35:P35) -> 64364000 | N35: =N36+N37 -> 64364000 | O35: =O36+O37 -> 0 | P35: =P36+P37 -> 0
C36: Расходы на выплаты персоналу в целях обеспечения выполнения функций государственными (муниципальными) органами, казенными учреждениями, органами управления государственными внебюджетными фондами | D36: 902 | E36: 01 | F36: 04 | G36: 5020000190 | H36: 100 | I36: =SUM(J36:L36) -> 65343300 | J36: 77604500 | K36: -12261200 | M36: =SUM(N36:P36) -> 64364000 | N36: 64364000
C37: Иные бюджетные ассигнования | D37: 902 | E37: 01 | F37: 04 | G37: 5020000190 | H37: 800 | I37: =SUM(J37:L37) -> 0 | M37: =SUM(N37:P37) -> 0
C38: Осуществление отдельных государственных полномочий по ведению учета граждан отдельных категорий в качестве нуждающихся в жилых помещениях и по формированию списка детей-сирот и детей, оставшихся без попечения родителей, лиц из числа детей-сирот и детей, оставшихся без попечения родителей, лиц, относившихся к категории детей-сирот и детей, оставшихся без попечения родителей, подлежащих обеспечению жилыми помещениями | D38: 902 | E38: 01 | F38: 04 | G38: 5020060870 | I38: =SUM(J38:L38) -> 1015500 | J38: =J39+J40 -> 979700 | K38: =K39+K40 -> 35800 | L38: =L39+L40 -> 0 | M38: =SUM(N38:P38) -> 1015500 | N38: =N39+N40 -> 1015500 | O38: =O39+O40 -> 0 | P38: =P39+P40 -> 0
C39: Расходы на выплаты персоналу в целях обеспечения выполнения функций государственными (муниципальными) органами, казенными учреждениями, органами управления государственными внебюджетными фондами | D39: 902 | E39: 01 | F39: 04 | G39: 5020060870 | H39: 100 | I39: =SUM(J39:L39) -> 1015500 | J39: 979700 | K39: 35800 | M39: =SUM(N39:P39) -> 1015500 | N39: 1015500
C40: Закупка товаров, работ и услуг для обеспечения государственных (муниципальных) нужд | D40: 902 | E40: 01 | F40: 04 | G40: 5020060870 | H40: 200 | I40: =SUM(J40:L40) -> 0 | M40: =SUM(N40:P40) -> 0
C41: Осуществление отдельных государственных полномочий по созданию и организации деятельности комиссий по делам несовершеннолетних и защите их прав | D41: 902 | E41: 01 | F41: 04 | G41: 5020069200 | I41: =SUM(J41:L41) -> 5555200 | J41: =J42+J43 -> 5354400 | K41: =K42+K43 -> 200800 | L41: =L42+L43 -> 0 | M41: =SUM(N41:P41) -> 5555200 | N41: =N42+N43 -> 5555200 | O41: =O42+O43 -> 0 | P41: =P42+P43 -> 0
C42: Расходы на выплаты персоналу в целях обеспечения выполнения функций государственными (муниципальными) органами, казенными учреждениями, органами управления государственными внебюджетными фондами | D42: 902 | E42: 01 | F42: 04 | G42: 5020069200 | H42: 100 | I42: =SUM(J42:L42) -> 5455200 | J42: 5254400 | K42: 200800 | M42: =SUM(N42:P42) -> 5455200 | N42: 5455200
C43: Закупка товаров, работ и услуг для обеспечения государственных (муниципальных) нужд | D43: 902 | E43: 01 | F43: 04 | G43: 5020069200 | H43: 200 | I43: =SUM(J43:L43) -> 100000 | J43: 100000 | K43: 0 | M43: =SUM(N43:P43) -> 100000 | N43: 100000
C44: 0существление отдельных государственных полномочий по предоставлению лицам, которые относились к категории детей-сирот и детей, оставшихся без попечения родителей, лиц из числа детей-сирот и детей, оставшихся без попечения родителей, и достигли возраста 23 лет, выплаты на приобретение благоустроенного жилого помещения в собственность или для полного погашения предоставленного на приобретение жилого помещения кредита (займа) по договору, обязательства заемщика по которому обеспечены ипотекой | D44: 902 | E44: 01 | F44: 04 | G44: 5020069210 | I44: =SUM(J44:L44) -> 1015500 | J44: =J45 -> 979700 | K44: =K45 -> 35800 | L44: =L45 -> 0 | M44: =SUM(N44:P44) -> 1015500 | N44: =N45 -> 1015500 | O44: =O45 -> 0 | P44: =P45 -> 0
C45: Расходы на выплаты персоналу в целях обеспечения выполнения функций государственными (муниципальными) органами, казенными учреждениями, органами управления государственными внебюджетными фондами | D45: 902 | E45: 01 | F45: 04 | G45: 5020069210 | H45: 100 | I45: =SUM(J45:L45) -> 1015500 | J45: 979700 | K45: 35800 | M45: =SUM(N45:P45) -> 1015500 | N45: 1015500
C46: Судебная система | D46: 902 | E46: 01 | F46: 05 | I46: =SUM(J46:L46) -> 9200 | J46: =J47 -> 9200 | K46: =K47 -> 0 | L46: =L47 -> 0 | M46: =SUM(N46:P46) -> 9200 | N46: =N47 -> 9200 | O46: =O47 -> 0 | P46: =P47 -> 0
C47: Другие непрограммные направления деятельности органов местного самоуправления | D47: 902 | E47: 01 | F47: 05 | G47: 9900000000 | I47: =SUM(J47:L47) -> 9200 | J47: =J48 -> 9200 | K47: =K48 -> 0 | L47: =L48 -> 0 | M47: =SUM(N47:P47) -> 9200 | N47: =N48 -> 9200 | O47: =O48 -> 0 | P47: =P48 -> 0
C48: Осуществление полномочий по составлению (изменению) списков кандидатов в присяжные заседатели федеральных судов общей юрисдикции в Российской Федерации | D48: 902 | E48: 01 | F48: 05 | G48: 9900051200 | I48: =SUM(J48:L48) -> 9200 | J48: =J49 -> 9200 | K48: =K49 -> 0 | L48: =L49 -> 0 | M48: =SUM(N48:P48) -> 9200 | N48: =N49 -> 9200 | O48: =O49 -> 0 | P48: =P49 -> 0
C49: Закупка товаров, работ и услуг для обеспечения государственных (муниципальных) нужд | D49: 902 | E49: 01 | F49: 05 | G49: 9900051200 | H49: 200 | I49: =SUM(J49:L49) -> 9200 | J49: 9200 | K49: 0 | L49: 0 | M49: =SUM(N49:P49) -> 9200 | N49: 9200 | P49: 0
C50: Резервные фонды | D50: 902 | E50: 01 | F50: 11 | I50: =SUM(J50:L50) -> 5000000 | J50: =J51 -> 5000000 | K50: =K51 -> 0 | L50: =L51 -> 0 | M50: =SUM(N50:P50) -> 5000000 | N50: =N51 -> 5000000 | O50: =O51 -> 0 | P50: =P51 -> 0
C51: Другие непрограммные направления деятельности органов местного самоуправления | D51: 902 | E51: 01 | F51: 11 | G51: 9900000000 | I51: =SUM(J51:L51) -> 5000000 | J51: =J52 -> 5000000 | K51: =K52 -> 0 | L51: =L52 -> 0 | M51: =SUM(N51:P51) -> 5000000 | N51: =N52 -> 5000000 | O51: =O52 -> 0 | P51: =P52 -> 0
C52: Финансовое обеспечение непредвиденных расходов | D52: 902 | E52: 01 | F52: 11 | G52: 9930000000 | I52: =SUM(J52:L52) -> 5000000 | J52: =J53 -> 5000000 | K52: =K53 -> 0 | L52: =L53 -> 0 | M52: =SUM(N52:P52) -> 5000000 | N52: =N53 -> 5000000 | O52: =O53 -> 0 | P52: =P53 -> 0
C53: Резервные фонды администрации | D53: 902 | E53: 01 | F53: 11 | G53: 9930020590 | I53: =SUM(J53:L53) -> 5000000 | J53: =J54 -> 5000000 | K53: =K54 -> 0 | L53: =L54 -> 0 | M53: =SUM(N53:P53) -> 5000000 | N53: =N54 -> 5000000 | O53: =O54 -> 0 | P53: =P54 -> 0
C54: Иные бюджетные ассигнования | D54: 902 | E54: 01 | F54: 11 | G54: 9930020590 | H54: 800 | I54: =SUM(J54:L54) -> 5000000 | J54: 5000000 | K54: 0 | L54: 0 | M54: =SUM(N54:P54) -> 5000000 | N54: 5000000 | O54: 0 | P54: 0
C55: Другие общегосударственные вопросы | D55: 902 | E55: 01 | F55: 13 | I55: =SUM(J55:L55) -> 204520000 | J55: =J66+J91+J56+J87 -> 151233700 | K55: =K66+K91+K56+K87 -> 53286300 | L55: =L66+L91+L56+L87 -> 0 | M55: =SUM(N55:P55) -> 201596400 | N55: =N66+N91+N56+N87 -> 201596400 | O55: =O66+O91+O56+O87 -> 0 | P55: =P66+P91+P56+P87 -> 0
C56: Муниципальная программа "Обеспечение деятельности органов местного самоуправления" | D56: 902 | E56: 01 | F56: 13 | G56: 5000000000 | I56: =SUM(J56:L56) -> 12000000 | J56: =J57+J60+J63 -> 11500000 | K56: =K57+K60+K63 -> 500000 | L56: =L57+L60+L63 -> 0 | M56: =SUM(N56:P56) -> 12000000 | N56: =N57+N60+N63 -> 12000000 | O56: =O57+O60+O63 -> 0 | P56: =P57+P60+P63 -> 0
C57: Укрепление материально-технической базы органов местного самоуправления | D57: 902 | E57: 01 | F57: 13 | G57: 5030000000 | I57: =SUM(J57:L57) -> 5000000 | J57: =J58 -> 5000000 | K57: =K58 -> 0 | L57: =L58 -> 0 | M57: =SUM(N57:P57) -> 5000000 | N57: =N58 -> 5000000 | O57: =O58 -> 0 | P57: =P58 -> 0
C58: Укрепление материально-технического оснащения для бесперебойного обеспечения бюджетного процесса | D58: 902 | E58: 01 | F58: 13 | G58: 5030010030 | I58: =SUM(J58:L58) -> 5000000 | J58: =J59 -> 5000000 | K58: =K59 -> 0 | L58: =L59 -> 0 | M58: =SUM(N58:P58) -> 5000000 | N58: =N59 -> 5000000 | O58: =O59 -> 0 | P58: =P59 -> 0
C59: Закупка товаров, работ и услуг для обеспечения государственных (муниципальных) нужд | D59: 902 | E59: 01 | F59: 13 | G59: 5030010030 | H59: 200 | I59: =SUM(J59:L59) -> 5000000 | J59: 5000000 | K59: 0 | M59: =SUM(N59:P59) -> 5000000 | N59: 5000000
C60: Повышение информированности населения о деятельности органов власти | D60: 902 | E60: 01 | F60: 13 | G60: 5040000000 | I60: =SUM(J60:L60) -> 2000000 | J60: =J61 -> 1500000 | K60: =K61 -> 500000 | L60: =L61 -> 0 | M60: =SUM(N60:P60) -> 2000000 | N60: =N61 -> 2000000 | O60: =O61 -> 0 | P60: =P61 -> 0
C61: Обеспечение информационной открытости органов власти | D61: 902 | E61: 01 | F61: 13 | G61: 5040010560 | I61: =SUM(J61:L61) -> 2000000 | J61: =J62 -> 1500000 | K61: =K62 -> 500000 | L61: =L62 -> 0 | M61: =SUM(N61:P61) -> 2000000 | N61: =N62 -> 2000000 | O61: =O62 -> 0 | P61: =P62 -> 0
C62: Закупка товаров, работ и услуг для обеспечения государственных (муниципальных) нужд | D62: 902 | E62: 01 | F62: 13 | G62: 5040010560 | H62: 200 | I62: =SUM(J62:L62) -> 2000000 | J62: 1500000 | K62: 500000 | M62: =SUM(N62:P62) -> 2000000 | N62: 2000000
C63: Создание информационно-технической инфраструктуры администрации | D63: 902 | E63: 01 | F63: 13 | G63: 5050000000 | I63: =SUM(J63:L63) -> 5000000 | J63: =J64 -> 5000000 | K63: =K64 -> 0 | L63: =L64 -> 0 | M63: =SUM(N63:P63) -> 5000000 | N63: =N64 -> 5000000 | O63: =O64 -> 0 | P63: =P64 -> 0
C64: Информатизация администрации муниципального образования | D64: 902 | E64: 01 | F64: 13 | G64: 5050010780 | I64: =SUM(J64:L64) -> 5000000 | J64: =J65 -> 5000000 | K64: =K65 -> 0 | L64: =L65 -> 0 | M64: =SUM(N64:P64) -> 5000000 | N64: =N65 -> 5000000 | O64: =O65 -> 0 | P64: =P65 -> 0
C65: Закупка товаров, работ и услуг для обеспечения государственных (муниципальных) нужд | D65: 902 | E65: 01 | F65: 13 | G65: 5050010780 | H65: 200 | I65: =SUM(J65:L65) -> 5000000 | J65: 5000000 | K65: 0 | M65: =SUM(N65:P65) -> 5000000 | N65: 5000000
C66: Муниципальная программа "Обеспечение деятельности казенных учреждений" | D66: 902 | E66: 01 | F66: 13 | G66: 5200000000 | I66: =SUM(J66:L66) -> 176344200 | J66: =J67+J72+J82+J77 -> 125474700 | K66: =K67+K72+K82+K77 -> 50869500 | L66: =L67+L72+L82+L77 -> 0 | M66: =SUM(N66:P66) -> 173743700 | N66: =N67+N72+N82+N77 -> 173743700 | O66: =O67+O72+O82+O77 -> 0 | P66: =P67+P72+P82+P77 -> 0
C67: Централизованная бухгалтерия | D67: 902 | E67: 01 | F67: 13 | G67: 5210000000 | I67: =SUM(J67:L67) -> 103222500 | J67: =J68 -> 81534200 | K67: =K68 -> 21688300 | L67: =L68 -> 0 | M67: =SUM(N67:P67) -> 101729900 | N67: =N68 -> 101729900 | O67: =O68 -> 0 | P67: =P68 -> 0
C68: Расходы на обеспечение деятельности (оказание услуг) муниципальных учреждений | D68: 902 | E68: 01 | F68: 13 | G68: 5210000590 | I68: =SUM(J68:L68) -> 103222500 | J68: =J69+J70+J71 -> 81534200 | K68: =K69+K70+K71 -> 21688300 | L68: =L69+L70+L71 -> 0 | M68: =SUM(N68:P68) -> 101729900 | N68: =N69+N70+N71 -> 101729900 | O68: =O69+O70+O71 -> 0 | P68: =P69+P70+P71 -> 0
C69: Расходы на выплаты персоналу в целях обеспечения выполнения функций государственными (муниципальными) органами, казенными учреждениями, органами управления государственными внебюджетными фондами | D69: 902 | E69: 01 | F69: 13 | G69: 5210000590 | H69: 100 | I69: =SUM(J69:L69) -> 95441200 | J69: 74359700 | K69: =13849100+7232400 -> 21081500 | M69: =SUM(N69:P69) -> 94010900 | N69: =60088700+33922200 -> 94010900
C70: Закупка товаров, работ и услуг для обеспечения государственных (муниципальных) нужд | D70: 902 | E70: 01 | F70: 13 | G70: 5210000590 | H70: 200 | I70: =SUM(J70:L70) -> 7672700 | J70: 7054400 | K70: =1102000-483700 -> 618300 | M70: =SUM(N70:P70) -> 7612000 | N70: =4766500+2845500 -> 7612000
C71: Иные бюджетные ассигнования | D71: 902 | E71: 01 | F71: 13 | G71: 5210000590 | H71: 800 | I71: =SUM(J71:L71) -> 108600 | J71: 120100 | K71: =-3400-8100 -> -11500 | M71: =SUM(N71:P71) -> 107000 | N71: =35900+71100 -> 107000
C72: Управление по обеспечению деятельности администрации | D72: 902 | E72: 01 | F72: 13 | G72: 5220000000 | I72: =SUM(J72:L72) -> 38562400 | J72: =J73 -> 24210800 | K72: =K73 -> 14351600 | L72: =L73 -> 0 | M72: =SUM(N72:P72) -> 37981100 | N72: =N73 -> 37981100 | O72: =O73 -> 0 | P72: =P73 -> 0
C73: Расходы на обеспечение деятельности (оказание услуг) муниципальных учреждений | D73: 902 | E73: 01 | F73: 13 | G73: 5220000590 | I73: =SUM(J73:L73) -> 38562400 | J73: =J74+J75+J76 -> 24210800 | K73: =K74+K75+K76 -> 14351600 | L73: =L74+L75+L76 -> 0 | M73: =SUM(N73:P73) -> 37981100 | N73: =N74+N75+N76 -> 37981100 | O73: =O74+O75+O76 -> 0 | P73: =P74+P75+P76 -> 0
C74: Расходы на выплаты персоналу в целях обеспечения выполнения функций государственными (муниципальными) органами, казенными учреждениями, органами управления государственными внебюджетными фондами | D74: 902 | E74: 01 | F74: 13 | G74: 5220000590 | H74: 100 | I74: =SUM(J74:L74) -> 27329000 | J74: 13495600 | K74: 13833400 | M74: =SUM(N74:P74) -> 26919400 | N74: 26919400
C75: Закупка товаров, работ и услуг для обеспечения государственных (муниципальных) нужд | D75: 902 | E75: 01 | F75: 13 | G75: 5220000590 | H75: 200 | I75: =SUM(J75:L75) -> 11124100 | J75: 10594400 | K75: 529700 | M75: =SUM(N75:P75) -> 10954000 | N75: 10954000
C76: Иные бюджетные ассигнования | D76: 902 | E76: 01 | F76: 13 | G76: 5220000590 | H76: 800 | I76: =SUM(J76:L76) -> 109300 | J76: 120800 | K76: -11500 | M76: =SUM(N76:P76) -> 107700 | N76: 107700
C77: Архитектура и градостроительство | D77: 902 | E77: 01 | F77: 13 | G77: 5230000000 | I77: =SUM(J77:L77) -> 18204200 | J77: =J78 -> 5653100 | K77: =K78 -> 12551100 | L77: =L78 -> 0 | M77: =SUM(N77:P77) -> 17931200 | N77: =N78 -> 17931200 | O77: =O78 -> 0 | P77: =P78 -> 0
C78: Расходы на обеспечение деятельности (оказание услуг) муниципальных учреждений | D78: 902 | E78: 01 | F78: 13 | G78: 5230000590 | I78: =SUM(J78:L78) -> 18204200 | J78: =J79+J80+J81 -> 5653100 | K78: =K79+K80+K81 -> 12551100 | L78: =L79+L80+L81 -> 0 | M78: =SUM(N78:P78) -> 17931200 | N78: =N79+N80+N81 -> 17931200 | O78: =O79+O80+O81 -> 0 | P78: =P79+P80+P81 -> 0
C79: Расходы на выплаты персоналу в целях обеспечения выполнения функций государственными (муниципальными) органами, казенными учреждениями, органами управления государственными внебюджетными фондами | D79: 902 | E79: 01 | F79: 13 | G79: 5230000590 | H79: 100 | I79: =SUM(J79:L79) -> 17328300 | J79: 5109600 | K79: 12218700 | M79: =SUM(N79:P79) -> 17068600 | N79: 17068600
C80: Закупка товаров, работ и услуг для обеспечения государственных (муниципальных) нужд | D80: 902 | E80: 01 | F80: 13 | G80: 5230000590 | H80: 200 | I80: =SUM(J80:L80) -> 667400 | J80: 356900 | K80: 310500 | M80: =SUM(N80:P80) -> 657200 | N80: 657200
C81: Иные бюджетные ассигнования | D81: 902 | E81: 01 | F81: 13 | G81: 5230000590 | H81: 800 | I81: =SUM(J81:L81) -> 208500 | J81: 186600 | K81: 21900 | M81: =SUM(N81:P81) -> 205400 | N81: 205400
C82: Служба заказчика | D82: 902 | E82: 01 | F82: 13 | G82: 5260000000 | I82: =SUM(J82:L82) -> 16355100 | J82: =+J83 -> 14076600 | K82: =+K83 -> 2278500 | L82: =+L83 -> 0 | M82: =SUM(N82:P82) -> 16101500 | N82: =N83 -> 16101500 | O82: =+O83 -> 0 | P82: =+P83 -> 0
C83: Расходы на обеспечение деятельности (оказание услуг) муниципальных учреждений | D83: 902 | E83: 01 | F83: 13 | G83: 5260000590 | I83: =SUM(J83:L83) -> 16355100 | J83: =J84+J85+J86 -> 14076600 | K83: =K84+K85+K86 -> 2278500 | L83: =L84+L85+L86 -> 0 | M83: =SUM(N83:P83) -> 16101500 | N83: =N84+N85+N86 -> 16101500 | O83: =O84+O85+O86 -> 0 | P83: =P84+P85+P86 -> 0
C84: Расходы на выплаты персоналу в целях обеспечения выполнения функций государственными (муниципальными) органами, казенными учреждениями, органами управления государственными внебюджетными фондами | D84: 902 | E84: 01 | F84: 13 | G84: 5260000590 | H84: 100 | I84: =SUM(J84:L84) -> 14357200 | J84: 12129200 | K84: 2228000 | M84: =SUM(N84:P84) -> 14142100 | N84: 14142100
C85: Закупка товаров, работ и услуг для обеспечения государственных (муниципальных) нужд | D85: 902 | E85: 01 | F85: 13 | G85: 5260000590 | H85: 200 | I85: =SUM(J85:L85) -> 1613600 | J85: 1520300 | K85: 93300 | M85: =SUM(N85:P85) -> 1580800 | N85: 1580800
C86: Иные бюджетные ассигнования | D86: 902 | E86: 01 | F86: 13 | G86: 5260000590 | H86: 800 | I86: =SUM(J86:L86) -> 384300 | J86: 427100 | K86: -42800 | M86: =SUM(N86:P86) -> 378600 | N86: 378600
C87: Муниципальная программа "Поддержка социально ориентированных некоммерческих организаций" | D87: 902 | E87: 01 | F87: 13 | G87: 6300000000 | I87: =SUM(J87:L87) -> 5200000 | J87: =J88 -> 2050000 | K87: =K88 -> 3150000 | L87: =L88 -> 0 | M87: =SUM(N87:P87) -> 5200000 | N87: =N88 -> 5200000 | O87: =O88 -> 0 | P87: =P88 -> 0
C88: Формирование благоприятных условий для осуществления деятельности социально ориентированных некоммерческих организаций | D88: 902 | E88: 01 | F88: 13 | G88: 6310000000 | I88: =SUM(J88:L88) -> 5200000 | J88: =J89 -> 2050000 | K88: =K89 -> 3150000 | L88: =L89 -> 0 | M88: =SUM(N88:P88) -> 5200000 | N88: =N89 -> 5200000 | O88: =O89 -> 0 | P88: =P89 -> 0
C89: Реализация мероприятий по поддержке социально ориентированных некоммерческих организаций | D89: 902 | E89: 01 | F89: 13 | G89: 6310010050 | I89: =SUM(J89:L89) -> 5200000 | J89: =J90 -> 2050000 | K89: =K90 -> 3150000 | L89: =L90 -> 0 | M89: =SUM(N89:P89) -> 5200000 | N89: =N90 -> 5200000 | O89: =O90 -> 0 | P89: =P90 -> 0
C90: Предоставление субсидий бюджетным, автономным учреждениям и иным некоммерческим организациям | D90: 902 | E90: 01 | F90: 13 | G90: 6310010050 | H90: 600 | I90: =SUM(J90:L90) -> 5200000 | J90: 2050000 | K90: 3150000 | M90: =SUM(N90:P90) -> 5200000 | N90: 5200000
C91: Другие непрограммные направления деятельности органов местного самоуправления | D91: 902 | E91: 01 | F91: 13 | G91: 9900000000 | I91: =SUM(J91:L91) -> 10975800 | J91: =J94+J92+J96 -> 12209000 | K91: =K94+K92+K96 -> -1233200 | L91: =L94+L92+L96 -> 0 | M91: =SUM(N91:P91) -> 10652700 | N91: =N94+N92+N96 -> 10652700 | O91: =O94+O92+O96 -> 0 | P91: =P94+P92+P96 -> 0
C92: Реализация мероприятий по выполнению наказов избирателей депутатам представительного органа | D92: 902 | E92: 01 | F92: 13 | G92: 9900010150 | I92: =SUM(J92:L92) -> 10000000 | J92: =J93 -> 10000000 | K92: =K93 -> 0 | L92: =L93 -> 0 | M92: =SUM(N92:P92) -> 10000000 | N92: =N93 -> 10000000 | O92: =O93 -> 0 | P92: =P93 -> 0
C93: Закупка товаров, работ и услуг для обеспечения государственных (муниципальных) нужд | D93: 902 | E93: 01 | F93: 13 | G93: 9900010150 | H93: 200 | I93: =SUM(J93:L93) -> 10000000 | J93: 10000000 | K93: 0 | M93: =SUM(N93:P93) -> 10000000 | N93: 10000000
C94: Исполнение судебных решений | D94: 902 | E94: 01 | F94: 13 | G94: 9900010910 | I94: =SUM(J94:L94) -> 0 | J94: =J95 -> 736300 | K94: =K95 -> -736300 | L94: =L95 -> 0 | M94: =SUM(N94:P94) -> 0 | N94: =N95 -> 652700 | O94: =O95 -> -652700 | P94: =P95 -> 0
C95: Иные бюджетные ассигнования | D95: 902 | E95: 01 | F95: 13 | G95: 9900010910 | H95: 800 | I95: =SUM(J95:L95) -> 0 | J95: 736300 | K95: -736300 | M95: =SUM(N95:P95) -> 0 | N95: 652700 | O95: -652700
C96: Непрограммные мероприятия в области архитектуры и управления муниципальным имуществом | D96: 902 | E96: 01 | F96: 13 | G96: 9960000000 | I96: =SUM(J96:L96) -> 975800 | J96: =J97 -> 1472700 | K96: =K97 -> -496900 | L96: =L97 -> 0 | M96: =SUM(N96:P96) -> 652700 | N96: =N97 -> 0 | O96: =O97 -> 652700 | P96: =P97 -> 0
C97: Мероприятия в области подготовительных работ и ввода в эксплуатацию объектов строительства | D97: 902 | E97: 01 | F97: 13 | G97: 9960010570 | I97: =SUM(J97:L97) -> 975800 | J97: =J98 -> 1472700 | K97: =K98 -> -496900 | L97: =L98 -> 0 | M97: =SUM(N97:P97) -> 652700 | N97: =N98 -> 0 | O97: =O98 -> 652700 | P97: =P98 -> 0
C98: Закупка товаров, работ и услуг для обеспечения государственных (муниципальных) нужд | D98: 902 | E98: 01 | F98: 13 | G98: 9960010570 | H98: 200 | I98: =SUM(J98:L98) -> 975800 | J98: 1472700 | K98: -496900 | M98: =SUM(N98:P98) -> 652700 | N98: 0 | O98: 652700
C99: Национальная безопасность и правоохранительная деятельность | D99: 902 | E99: 03 | F99: 00 | I99: =SUM(J99:L99) -> 47464700 | J99: =J100+J119+J114 -> 45744800 | K99: =K100+K119+K114 -> 1719900 | L99: =L100+L119+L114 -> 0 | M99: =SUM(N99:P99) -> 47208700 | N99: =N100+N119+N114 -> 47208700 | O99: =O100+O119+O114 -> 0 | P99: =P100+P119+P114 -> 0
C100: Гражданская оборона | D100: 902 | E100: 03 | F100: 09 | I100: =SUM(J100:L100) -> 35762700 | J100: =J101+J108 -> 34742800 | K100: =K101+K108 -> 1019900 | L100: =L101+L108 -> 0 | M100: =SUM(N100:P100) -> 35406700 | N100: =N101+N108 -> 35406700 | O100: =O101+O108 -> 0 | P100: =P101+P108 -> 0
...
